 Dungeon Crawl Stone Soup version 0.29-a0-1027-gcd8c55af63 (webtiles) character file.

Game seed: 18398692869095190188

13218 Plasmagod the Thaumaturge (level 11, -4/54 HPs)
             Began as a Deep Elf Conjurer on Aug 13, 2022.
             Was an Initiate of Vehumet.
             Slain by a boulder beetle (43 damage)
             ... on level 11 of the Dungeon.
             The game lasted 00:48:25 (13783 turns).

Plasmagod the Thaumaturge (Deep Elf Conjurer)      Turns: 13783, Time: 00:48:25

Health: -4/54      AC: 13    Str:  4    XL:     11   Next: 72%
Magic:  6/27       EV: 12    Int: 28    God:    Vehumet [......]
Gold:   713        SH:  5    Dex: 17    Spells: 17/31 levels left

rFire   . . .      SeeInvis .   y - +9 short sword of Melee {pain, Will++}
rCold   . . .      Faith    .   (no shield)
rNeg    . . .      Spirit   .   v - +1 troll leather armour {Pargi}
rPois   .          Reflect  +   F - +2 helmet
rElec   .          Harm     .   h - +0 cloak
rCorr   +          Rampage  .   J - +0 pair of gloves
Will    +++..                   p - +0 pair of boots
Stlth   ++........              q - amulet of reflection
HPRegen 0.98/turn               A - ring of resist corrosion
MPRegen 0.20/turn               M - ring "Nocudghua" {Fly Dex+4}

@: flying
A: no striking features
a: Renounce Religion


You were on level 11 of the Dungeon.
You worshipped Vehumet.
Vehumet was noncommittal.
You visited 2 branches of the dungeon, and saw 12 of its levels.
You also visited: Sewer.

You collected 713 gold pieces.

Inventory:

Hand Weapons
 y - the +9 short sword of Melee (weapon) {pain, Will++}
   (You took it off an orc warrior on level 8 of the Dungeon)

   In the hands of one skilled in necromantic magic, it inflicts extra damage on
   living creatures.
   Will:      It greatly increases your willpower.
Missiles
 o - 2 throwing nets
Armour
 h - a +0 cloak (worn)
 p - a +0 pair of boots (worn)
 v - a +1 troll leather armour (worn) {Pargi}
 B - a +0 kite shield
 F - a +2 helmet (worn)
 J - a +0 pair of gloves (worn)
 L - the +1 robe of the Flute {rElec rN+++ Dex-2 Stlth-}
   (You found it on level 9 of the Dungeon)

   Dex:       It affects your dexterity (-2).
   rElec:     It insulates you from electricity.
   rN:        It renders you almost immune to negative energy.
   Stlth:     It makes you less stealthy.
Jewellery
 a - a ring of ice
 n - a ring of willpower
 q - an amulet of reflection (around neck)
 A - a ring of resist corrosion (left hand)
 G - a +4 ring of slaying
 M - the ring "Nocudghua" (right hand) {Fly Dex+4}
   (You took it off an orc on level 9 of the Dungeon)

   [ring of flight]

   Dex:       It affects your dexterity (+4).
   Fly:       It grants you flight.
Wands
 l - a wand of roots (15)
 t - a wand of quicksilver (13)
 x - a wand of paralysis (15)
 D - a wand of mindburst (19)
 E - a wand of polymorph (14)
Scrolls
 c - 2 scrolls of poison
 i - 2 scrolls of noise
 j - 4 scrolls of teleportation
 k - 2 scrolls of identify
 m - 3 scrolls of butterflies
 s - a scroll of amnesia
 I - a scroll of summoning
 K - 2 scrolls of fear
Potions
 b - 2 potions of magic
 d - 12 potions of curing
 e - 2 potions of heal wounds
 f - 4 potions of lignification
 g - a potion of haste
 r - 2 potions of flight
 u - a potion of might
 w - a potion of resistance
 z - 2 potions of attraction
 C - 2 potions of mutation
 H - 2 potions of brilliance
 N - a potion of ambrosia


   Skills:
 - Level 7.5 Armour
 - Level 2.4 Dodging
 - Level 2.4 Stealth
 - Level 10.5 Spellcasting
 - Level 9.6 Conjurations
 - Level 7.5 Hexes
 - Level 7.4 Translocations
 + Level 10.0 Fire Magic


You had 17 spell levels left.
You knew the following spells:

 Your Spells              Type           Power      Damage    Failure   Level
a - Magic Dart            Conj           100%       1d8       1%          1
b - Searing Ray           Conj           100%       2d8       1%          2
c - Fulminant Prism       Conj/Hex       29%        3d14      1%          4
d - Tukima's Dance        Hex            54%        N/A       1%          3
e - Iskenderun's Mystic   Conj/Tloc      58%        2d12      1%          4

Your spell library contained the following spells:

 Spells                   Type           Power      Damage    Failure   Level
 Apportation              Tloc           100%       N/A       1%          1
 Shock                    Conj/Air       100%       1d9       1%          1
 Dazzling Flash           Conj/Hex       100%       N/A       1%          3
 Portal Projectile        Hex/Tloc       100%       N/A       1%          3
 Stone Arrow              Conj/Erth      82%        3d12      2%          3
 Beastly Appendage        Tmut           28%        N/A       6%          1
 Freeze                   Ice            56%        1d7       6%          1
 Hailstorm                Conj/Ice       41%        3d10      9%          4
 Wereblood                Tmut           14%        N/A       10%         2
 Starburst                Conj/Fire      31%        6d9       17%         6
 Frozen Ramparts          Ice            28%        1d5       19%         3
 Spider Form              Tmut/Pois      14%        N/A       19%         3
 Swiftness                Air            14%        N/A       19%         3
 Airstrike                Air            7%         2d(1-17)  52%         4
 Animate Armour           Summ/Erth      28%        N/A       52%         4
 Alistair's Intoxication  Tmut/Pois      9%         N/A       86%         5
 Blade Hands              Tmut           7%         N/A       86%         5
 Lehudib's Crystal Spear  Conj/Erth      20%        10d6      100%        8


Dungeon Overview and Level Annotations

Branches:
Dungeon (11/15)            Temple (1/1) D:6            Lair (0/5) D:10
  Sewer (visited)
    Orc: D:9-12

Altars:
Ashenzari
Cheibriados
Dithmenos
Elyvilon
Fedhas
Gozag
Hepliaklqana
Kikubaaqudgha
Makhleb
Nemelex Xobeh
Okawaru
Qazlal
Ru
Sif Muna
Trog
Uskayaw
Vehumet
Wu Jian
Xom
Yredelemnul
Zin
The Shining One

Shops:
D:8 ?*

Annotations:
D:2 Terence
D:10 2 transporters


Message History

You erupt in a blast of force!
The mystic blast hits the boulder beetle but does no damage.
The boulder beetle closely misses you.
The boulder beetle stops rolling and uncurls.
Your fulminant prism explodes!
The blast of energy engulfs the boulder beetle!!
The boulder beetle is moderately wounded.
Casting: Iskenderun's Mystic Blast (dangerous; 1% risk of failure)
Confirm with . or Enter, or press ? or * to list all spells.
You miscast Iskenderun's Mystic Blast.
You are very lightly contaminated with residual magic.
Nothing appears to happen.
The boulder beetle closely misses you.
Casting: Iskenderun's Mystic Blast (dangerous; 1% risk of failure)
Confirm with . or Enter, or press ? or * to list all spells.
You erupt in a blast of force!
The mystic blast hits the boulder beetle.
The boulder beetle is heavily wounded.
The boulder beetle is knocked back by the mystic blast.
Casting: Iskenderun's Mystic Blast (dangerous; 1% risk of failure)
Confirm with . or Enter, or press ? or * to list all spells.
Aiming: Fulminant Prism (dangerous; 1% risk of failure)
Press: ? - help, Dir - move target You conjure a prism of explosive energy!
A fulminant prism comes into view.
The boulder beetle bites your fulminant prism!!
Your fulminant prism detonates feebly.
The boulder beetle curls into a ball and begins rolling!
You reach down and open the door.
The boulder beetle attacks as you move away!
You block the boulder beetle's attack.
The boulder beetle stops rolling and uncurls.
There is an open door here.
The boulder beetle attacks as you move away!
The boulder beetle bites you!!
Your magical contamination has completely faded away.
The boulder beetle curls into a ball and begins rolling!
There is an escape hatch in the ceiling here.
The boulder beetle hits you!!!
Ouch! That really hurt!
You die...

#....#...................'.
######....##############'#.
...........#................
#####......#................
#......##+#.............
#.........#.....###.....
#.........'.##### #.....
#........○#.# #.....
#......@B.#.# #.....
#.........#.# #.....
#....[....#.# #.....
#.......###.# #.....
#.......#....# .....
#.......#....#
#.......###...
#.........#....
#.........##.... #


You could see a boulder beetle (rolling).

Vanquished Creatures
  Fannar (D:10)
  3 two-headed ogres
  A cyclops (D:11)
  Maurice (D:9)
  Maggie (D:10)
  2 kobold demonologists
  2 komodo dragons (D:11)
  6 trolls
  A hornet (D:11)
  A wraith (D:11)
  2 shadows (D:10)
  A wyvern (D:8)
  A vampire (D:9)
  10 yaks
  A basilisk (D:11)
  4 steam dragons
  4 vampire mosquitoes
  2 ice beasts
  4 orc warriors
  A sky beast (D:6)
  Pargi (Sewer)
  3 black bears
  5 centaurs
  A phantom (D:5)
  A kobold brigand (D:8)
  Blork the orc (D:6)
  2 bullfrogs
  A necrophage (D:5)
  A scorpion (D:4)
  3 wights (D:10)
  13 killer bees
  2 electric eels (D:6)
  5 howler monkeys
  A crimson imp (D:8)
  5 hounds
  3 jellies
  7 orc priests
  2 gnoll boudas
  3 iguanas
  Jessica (D:2)
  9 orc wizards
  A mummy (D:9)
  8 adders
  14 gnolls
  A shadow imp (D:5)
  A white imp (D:8)
  3 ufetubi
  2 worms
  28 orcs
  2 endoplasms
  2 giant cockroaches (D:2)
  6 goblins
  4 hobgoblins
  5 jackals
  4 quokkas
  10 ball pythons
  5 bats
  9 frilled lizards
  14 kobolds
238 creatures vanquished.

Vanquished Creatures (others)
  A dancing weapon (D:9)
  53 fulminant prisms
54 creatures vanquished.

Grand Total: 292 creatures vanquished

Notes
Turn   | Place    | Note
-------+----------+-------------------------------------------
     0 | D:1      | Plasmagod the Deep Elf Conjurer began the quest for the
                  | Orb.
     0 | D:1      | Reached XP level 1. HP: 10/10 MP: 6/6
   132 | D:1      | Reached XP level 2. HP: 15/15 MP: 6/8
  1062 | D:2      | Found a shimmering altar of Xom.
  1116 | D:2      | Noticed Terence
  1266 | D:1      | Learned a level 2 spell: Searing Ray
  1412 | D:2      | Noticed Jessica
  1415 | D:2      | Killed Jessica
  1416 | D:2      | Reached skill level 5 in Conjurations
  1416 | D:2      | Reached XP level 3. HP: 17/19 MP: 5/10
  1898 | D:3      | Reached XP level 4. HP: 21/24 MP: 2/12
  2032 | D:3      | Reached skill level 5 in Spellcasting
  2252 | D:3      | Found a faded altar of an unknown god.
  2256 | D:3      | Reached XP level 5. HP: 28/28 MP: 11/14
  2392 | D:3      | Found a sacrificial altar of Ru.
  2609 | D:3      | Learned a level 4 spell: Fulminant Prism
  2686 | D:3      | Found a stormy altar of Qazlal.
  2686 | D:3      | Found a faded altar of an unknown god.
  2694 | D:3      | Found a faded altar of an unknown god.
  2696 | D:3      | Found a hide-covered altar of Uskayaw.
  2698 | D:3      | Found an ornate altar of the Wu Jian Council.
  3007 | D:4      | Reached XP level 6. HP: 16/32 MP: 6/17
  3404 | D:4      | Found a glowing golden altar of the Shining One.
  4151 | D:5      | Entered Level 5 of the Dungeon
  4537 | D:5      | Reached XP level 7. HP: 28/36 MP: 13/19
  4556 | D:5      | Found a glowing drain.
  4565 | Sewer    | Entered a sewer
  4692 | Sewer    | Noticed Pargi
  4704 | Sewer    | Killed Pargi
  5518 | D:5      | Found a shadowy altar of Dithmenos.
  5531 | D:5      | Reached skill level 5 in Hexes
  5836 | D:6      | Noticed Blork the orc
  5844 | D:6      | Killed Blork the orc
  5845 | D:6      | Reached XP level 8. HP: 35/41 MP: 12/21
  6236 | D:6      | Learned a level 3 spell: Tukima's Dance
  6422 | D:6      | Noticed a two-headed ogre
  6430 | D:6      | Killed a two-headed ogre
  6431 | D:6      | Reached skill level 10 in Spellcasting
  6431 | D:6      | Reached XP level 9. HP: 45/45 MP: 0/25
  6436 | D:6      | Learned a level 4 spell: Iskenderun's Mystic Blast
  6563 | D:6      | Reached skill level 1 in Translocations
  6774 | D:6      | Found a staircase to the Ecumenical Temple.
  6796 | Temple   | Entered the Ecumenical Temple
  7223 | D:7      | Reached skill level 5 in Translocations
  7865 | D:7      | Found a shimmering blue altar of Sif Muna.
  8192 | D:7      | Identified the +7 arbalest of Purpose {flame, Int+4}
  8361 | D:8      | Found an iron altar of Okawaru.
  8454 | D:8      | Noticed a troll
  8535 | D:8      | Reached skill level 1 in Armour
  8852 | D:8      | Identified the +9 short sword of Melee {pain, Will++}
  8858 | D:8      | Killed a troll
  8859 | D:8      | Reached XP level 10. HP: 50/50 MP: 8/26
  8890 | D:8      | Paralysed by an orc warrior for 3 turns
  9399 | D:8      | Reached skill level 5 in Armour
  9400 | D:8      | Found Wiyhoog's Overcharged Wands.
  9551 | D:8      | Found Ujolic Feuhe's Magic Scroll Shoppe.
  9559 | D:8      | Identified a scroll of acquirement
  9559 | D:8      | Acquired a book of Spectacle
 10108 | D:8      | Found a burning altar of Makhleb.
 10111 | D:8      | Found a shimmering altar of Xom.
 10356 | D:9      | Identified the +1 robe of the Flute {rElec rN+++ Dex-2
                  | Stlth-}
 10452 | D:9      | Noticed Maurice
 10499 | D:9      | Killed Maurice
 10852 | D:9      | Identified the ring "Nocudghua" {Fly Dex+4}
 11054 | D:9      | Found a snail-covered altar of Cheibriados.
 11184 | D:10     | Entered Level 10 of the Dungeon
 11191 | D:10     | Reached skill level 1 in Fire Magic
 11256 | D:10     | Reached XP level 11. HP: 54/54 MP: 3/27
 11412 | D:10     | Noticed a two-headed ogre
 11424 | D:10     | Killed a two-headed ogre
 11653 | D:10     | Reached skill level 5 in Fire Magic
 11772 | D:10     | Noticed Maggie
 11832 | D:10     | Found a radiant altar of Vehumet.
 11839 | D:10     | Became a worshipper of Vehumet
 11844 | D:10     | Noticed Fannar
 11855 | D:10     | Killed Fannar
 11995 | D:10     | Noticed a two-headed ogre
 11997 | D:10     | Noticed a four-headed hydra
 11998 | D:10     | Noticed a deep elf pyromancer
 12000 | D:10     | Noticed a centaur warrior
 12020 | D:10     | Found a transporter.
 12020 | D:10     | Found a transporter.
 12020 | D:10     | Noticed a centaur warrior
 12103 | D:10     | Found a staircase to the Lair.
 12325 | D:10     | Killed Maggie
 12687 | D:11     | Found a shimmering altar of Xom.
 12687 | D:11     | Found a shimmering altar of Xom.
 12690 | D:11     | Found a shimmering altar of Xom.
 12690 | D:11     | Found a shimmering altar of Xom.
 12747 | D:11     | Noticed a two-headed ogre
 12759 | D:11     | Killed a two-headed ogre
 13072 | D:11     | Noticed a jorogumo
 13363 | D:11     | Reached skill level 10 in Fire Magic
 13528 | D:11     | Identified the +6 ring mail "Geal" {Contam Will+ Regen+
                  | Str+2}
 13541 | D:11     | Noticed a boulder beetle
 13783 | D:11     | Slain by a boulder beetle

Illustrated notes

Levels and vault maps discovered:
D:1:      heliophobic_arrival_battle_scene, layout_basic, serial_rivers,
          chequers_serial_rivers_small_b, chequers_serial_rivers_room_b,
          chequers_serial_rivers_room_b, chequers_serial_rivers_room_b,
          chequers_serial_rivers_room_b, chequers_serial_rivers_small_b,
          minmay_hexomino_f4
D:2:      layout_rooms, basic_altar, uniq_jessica, uniq_terence
D:3:      layout_loops_ring, chequers_temple_overflow_minitemple,
          nicolae_ru_great_annihilating_truth, basic_ecumenical_altar,
          due_unseen_surprise
D:4:      layout_loops_ring, nicolae_overflow_hidden_temple
D:5:      layout_loops_ring, nicolae_dithmenos_the_darkroom,
          portal_sewer_entry_d
D:6:      kennysheep_big_flooded_room, layout_cave_pools,
          minmay_temple_entry_drinking_statues, minmay_misc_feat_chi,
          uniq_blork_the_orc
D:7:      layout_loops_ring, lemuel_blue_sif_altar, minmay_tree_intersection
D:8:      layout_loops_ring, grunt_temple_overflow_champion_of_chaos,
          amcnicky_altar_gilded, serial_co_window_serial, co_window_corner_a,
          co_window_corner_a, co_window_cross_1, co_window_of_opportunity_a,
          co_window_of_opportunity_a, co_window_broadway_c, co_window_2corner,
          co_window_paths_c, co_window_paths_c, co_window_unsneaky_path_b,
          co_window_paths_c, co_window_corner_b, serial_shops,
          nicolae_shop_stone, nicolae_shop_overcharged_wands
D:9:      layout_small_grid, slow_altar_1, st_stairs_4, uniq_maurice
D:10:     gammafunk_the_bubble [the_bubble_gammafunk_plus_minus],
          layout_loops_ring, vehumet_crystals, lair_entry_dummy,
          chequers_serial_rivers_room_a, uniq_fannar, uniq_maggie
D:11:     layout_irregular_city, serial_column_ruins, column_ruins_hut,
          column_ruins_columns_dead_end, column_ruins_open_tiny,
          column_ruins_open_tiny, column_ruins_grid_3, column_ruins_open_small,
          xom_shifter_show
Temple:   compressed_dpeg_circular_temple

Skill      XL: |  1  2  3  4  5  6  7  8  9 10 11 |
---------------+----------------------------------+-----
Spellcasting   | 4 5 6 7 10 | 10.5
Conjurations   | 5 6 7 9 |  9.6
Hexes          | 6 7 |  7.5
Translocations | 7 |  7.4
Armour         | 2 7 |  7.5
Fire Magic     | 2 10 | 10.0
Dodging        | |  2.4
Stealth        | |  2.4

Action                   |  1- 3 |  4- 6 |  7- 9 | 10-12 || total
-------------------------+-------+-------+-------+-------++-------
Melee: Unarmed           |     1 |       |       |       ||     1
       Short sword       |       |       |     8 |    10 ||    18
 Cast: Magic Dart        |    50 |    88 |   121 |    75 ||   334
       Searing Ray       |     4 |    15 |    50 |    50 ||   119
       Fulminant Prism   |       |       |    14 |    39 ||    53
       Iskenderun's Myst |       |       |     2 |    22 ||    24
       Tukima's Dance    |       |       |       |     3 ||     3
  Use: Scroll            |       |       |    13 |     8 ||    21
Armor: Robe              |       |     2 |     3 |       ||     5
       Troll leather arm |       |       |    17 |    18 ||    35
Dodge: Dodged            |    14 |     4 |    49 |    25 ||    92
Block: Other             |       |       |    18 |    13 ||    31
       Reflection        |       |       |     3 |     4 ||     7

Table legend: (Time is in decaauts)
 A = Elapsed time spent in this place.
 B = Non-inter-level travel time spent in this place.
 C = Inter-level travel time spent in this place.
 D = Time resting spent in this place.
 E = Time spent auto-exploring this place.
 F = Levels seen in this place.
 G = Mean time per level.
                   A        B        C        D        E       F      G
               +--------+--------+--------+--------+--------+-----+--------+
         Total |  13858 |  13450 |    408 |   2153 |   9405 |  13 | 1066.0 |
       Dungeon |  13204 |  12803 |    401 |   1922 |   9071 |  11 | 1200.4 |
        Temple |     82 |     75 |      7 |      0 |     66 |   1 |   82.0 |
         Sewer |    571 |    571 |      0 |    231 |    268 |   1 |  571.0 |
               +--------+--------+--------+--------+--------+-----+--------+

Top non-repeatable levels by time:
     D:8: 1898 daAuts
     D:6: 1590 daAuts
    D:10: 1339 daAuts
     D:1: 1323 daAuts
     D:4: 1288 daAuts
    D:11: 1142 daAuts
     D:5: 1116 daAuts
     D:9: 1050 daAuts
     D:3: 973 daAuts
     D:7: 885 daAuts
     D:2: 594 daAuts
   Sewer: 571 daAuts
  Temple: 82 daAuts
